AoeStats
← °49¬K<»Šhãdöw

Fortress

507124752Analyzed
4v4 RM · 2mo ago on Sep 16, 2026· 82m 51s· 8 players
Game mode
Random Map
Map size
Huge
Population
200
Speed
Normal
Resources
Standard
Victory
Conquest
Starting age
Dark Age
Ending age
Imperial Age
RankedLock teamsTeams togetherTeam positionsShared explorationLock speedFull tech treeHidden civsTurbo modeCheats
Victory
Defeat
🇺🇸 Teutons · United States
1124
+14
🇺🇸 Britons · United States
1103
+15
🇭🇰 Mongols · Hong Kong SAR China
1033
+18
🇲🇽 Portuguese · Mexico
1003
+20
vs
🇻🇳 Mongols · Vietnam
1093
-17
🇦🇷 Dravidians · Argentina
1080
-17
1079
-17
🇮🇶 Spanish · Iraq
1063
-16
Mis-_-inga
4:53 Loom
7:35 Feudal Age
8:07 Double-Bit Axe
8:04 Horse Collar
12:55 Castle Age
10:51 Gold Mining
12:05 Wheelbarrow
12:13 Fletching
14:42 Bow Saw
17:16 Heavy Plow
20:29 Hand Cart
24:28 Stone Mining
25:14 Scale Barding Armor
28:19 Imperial Age
26:54 Husbandry
26:17 Light Cavalry
28:22 Chain Barding Armor
28:13 Forging
28:02 Bodkin Arrow
29:03 Fortified Wall
30:01 Chemistry
29:12 Masonry
31:14 Iron Casting
30:40 Padded Archer Armor
30:41 Bracer
32:16 Conscription
31:59 Town Watch
33:12 Wootz Steel
33:29 Hoardings
33:35 Hoardings
34:42 Blast Furnace
34:34 Leather Archer Armor
36:02 Ballistics
36:02 Medical Corps
35:24 Elite Elephant Archer
36:11 Thumb Ring
37:01 Caravan
38:52 Ring Archer Armor
49:40 Two-Man Saw
78:20 Siege Elephant
aryaszahir958
3:27 Loom
7:25 Feudal Age
7:52 Double-Bit Axe
7:52 Horse Collar
16:36 Castle Age
15:24 Gold Mining
15:25 Stone Mining
20:46 Wheelbarrow
23:56 Heavy Plow
24:35 Bow Saw
30:04 Imperial Age
27:51 Hand Cart
28:40 Fletching
28:50 Padded Archer Armor
28:53 Husbandry
29:04 Bloodlines
29:03 Inquisition
30:19 Elite Conquistador
30:54 Cavalier
31:41 Scale Mail Armor
31:47 Scale Barding Armor
33:17 Stone Shaft Mining
33:45 Two-Man Saw
32:13 Paladin
33:14 Chain Mail Armor
34:20 Chemistry
34:22 Light Cavalry
36:25 Plate Mail Armor
36:15 Chain Barding Armor
39:33 Plate Barding Armor
39:12 Forging
38:57 Bodkin Arrow
39:18 Leather Archer Armor
40:54 Elite Skirmisher
41:40 Thumb Ring
41:56 Bracer
42:31 Iron Casting
43:28 Hussar
47:59 Ring Archer Armor
48:29 Blast Furnace
47:39 Pikeman
48:19 Squires
48:05 Arson
48:06 Gambesons
48:21 Halberdier
—»¬ ° • G ¡ ø 49k .
2:10 Loom
8:23 Feudal Age
12:21 Castle Age
10:26 Horse Collar
11:16 Double-Bit Axe
11:48 Gold Mining
13:25 Heavy Plow
13:26 Stone Mining
30:05 Wheelbarrow
29:15 Town Watch
29:38 Town Watch
32:41 Thumb Ring
36:37 Imperial Age
34:02 Fletching
34:12 Padded Archer Armor
34:22 Padded Archer Armor
35:26 Hand Cart
35:11 Town Patrol
35:15 Bodkin Arrow
36:22 Leather Archer Armor
36:20 Forging
36:33 Ballistics
37:09 Bloodlines
36:59 Husbandry
37:23 Light Cavalry
37:25 Elite Tarkan
38:27 Conscription
38:38 Parthian Tactics
38:30 Elite Skirmisher
39:51 Atheism
39:33 Marauders
39:47 Marauders
41:06 Iron Casting
40:36 Scale Barding Armor
43:05 Blast Furnace
41:52 Hussar
44:40 Bracer
45:01 Chain Barding Armor
45:55 Chemistry
45:29 Caravan
46:00 Coinage
47:11 Plate Barding Armor
47:05 Bow Saw
46:49 Heavy Cavalry Archer
48:31 Gold Shaft Mining
49:05 Two-Man Saw
70:06 Town Patrol
°49¬K<»Šhãdöw
7:01 Feudal Age
13:03 Castle Age
11:37 Double-Bit Axe
11:56 Horse Collar
14:13 Loom
16:14 Wheelbarrow
21:24 Elite Skirmisher
30:51 Imperial Age
28:08 Town Watch
29:43 Heavy Plow
29:54 Bow Saw
30:24 Fletching
30:35 Padded Archer Armor
31:03 Scale Barding Armor
31:08 Forging
31:34 Ballistics
31:41 Town Patrol
32:11 Elite Steppe Lancer
33:51 Nomads
33:57 Gold Mining
33:57 Stone Mining
34:21 Stone Mining
35:26 Hand Cart
35:34 Chain Barding Armor
35:49 Iron Casting
35:10 Bodkin Arrow
35:30 Leather Archer Armor
35:29 Caravan
35:59 Coinage
38:03 Chemistry
36:42 Elite Mangudai
38:25 Heavy Camel Rider
40:50 Blast Furnace
43:35 Bracer
44:10 Drill
53:22 Coinage
75:47 Banking
Steppo
1:51 Loom
7:42 Feudal Age
12:46 Castle Age
10:40 Double-Bit Axe
10:47 Horse Collar
11:28 Gold Mining
13:34 Forging
13:26 Scale Mail Armor
14:46 Squires
14:44 Pikeman
22:05 Bow Saw
23:18 Heavy Plow
29:23 Imperial Age
29:02 Fletching
29:18 Scale Barding Armor
30:14 Town Watch
31:06 Wheelbarrow
30:55 Conscription
30:40 Stone Mining
33:20 Iron Casting
33:07 Chain Barding Armor
33:19 Bloodlines
32:29 Cavalier
35:03 Blast Furnace
42:08 Plate Barding Armor
43:19 Chain Mail Armor
42:39 Halberdier
46:18 Hand Cart
51:04 Caravan
52:14 Heavy Scorpion
53:56 Crenellations
54:12 Hoardings
53:37 Bodkin Arrow
54:39 Ballistics
54:30 Masonry
54:32 Fortified Wall
56:10 Siege Engineers
60:18 Arson
66:14 Ironclad
70:14 Plate Mail Armor
69:45 Padded Archer Armor
70:49 Chemistry
73:17 Paladin
75:50 Two-Man Saw
75:23 Crop Rotation
dantealhz
1:38 Loom
10:47 Feudal Age
11:31 Double-Bit Axe
11:41 Horse Collar
15:59 Castle Age
16:14 Wheelbarrow
15:26 Town Watch
15:45 Gold Mining
15:46 Stone Mining
16:40 Wheelbarrow
17:09 Heavy Plow
17:28 Bow Saw
21:51 Hand Cart
21:25 Town Watch
27:31 Fletching
27:42 Padded Archer Armor
32:21 Imperial Age
34:08 Two-Man Saw
33:28 Stone Mining
34:00 Fortified Wall
34:12 Ballistics
33:52 Murder Holes
34:58 Chemistry
34:03 Town Patrol
34:45 Stone Shaft Mining
34:24 Caravan
36:05 Crop Rotation
36:41 Conscription
37:16 Bodkin Arrow
37:33 Forging
38:29 Chemistry
37:42 Siege Engineers
37:19 Treadmill Crane
38:23 Arquebus
39:48 Bracer
39:45 Murder Holes
40:01 Masonry
40:59 Husbandry
41:09 Bloodlines
40:19 Cavalier
41:25 Leather Archer Armor
41:20 Forging
41:11 Scale Mail Armor
41:17 Scale Barding Armor
42:33 Pikeman
42:58 Arson
43:19 Halberdier
43:44 Gambesons
44:54 Scale Barding Armor
45:24 Iron Casting
44:50 Scale Mail Armor
45:21 Ring Archer Armor
45:16 Bombard Tower
45:33 Architecture
44:54 Sappers
46:11 Thumb Ring
48:14 Blast Furnace
47:14 Scale Mail Armor
47:35 Chain Barding Armor
50:38 Chain Mail Armor
50:21 Elite Skirmisher
51:51 Plate Barding Armor
51:46 Plate Mail Armor
59:09 Onager
62:29 Light Cavalry
65:12 Capped Ram
82:08 Man-at-Arms
82:27 Man-at-Arms
Sqwintz
5:02 Loom
8:33 Feudal Age
9:02 Double-Bit Axe
11:56 Loom
14:35 Castle Age
13:25 Gold Mining
15:25 Horse Collar
16:12 Bow Saw
19:14 Fervor
19:47 Wheelbarrow
23:59 Imperial Age
21:18 Town Watch
23:17 Fortified Wall
25:56 Two-Man Saw
26:25 Fletching
26:35 Padded Archer Armor
27:39 Chemistry
27:17 Conscription
27:36 Heavy Plow
29:21 Bodkin Arrow
29:31 Caravan
30:07 Town Patrol
30:26 Hand Cart
30:47 Leather Archer Armor
31:57 Town Patrol
32:00 Bracer
33:17 Yeomen
34:14 Ring Archer Armor
34:24 Gold Shaft Mining
33:45 Pikeman
34:27 Squires
35:04 Forging
34:55 Scale Mail Armor
34:32 Elite Longbowman
36:36 Iron Casting
37:11 Chain Mail Armor
37:28 Halberdier
37:55 Gambesons
37:56 Arson
38:49 Ballistics
38:27 Murder Holes
38:52 Masonry
43:05 Warwolf
44:03 Elite Skirmisher
50:38 Plate Mail Armor
51:10 Blast Furnace
67:02 Capped Ram
70:35 Hoardings
70:34 Architecture
69:46 Treadmill Crane
72:59 Siege Engineers
hqitbkv
1:07 Loom
8:43 Feudal Age
13:29 Castle Age
11:16 Double-Bit Axe
12:52 Horse Collar
15:27 Bow Saw
15:42 Stone Mining
19:05 Heavy Plow
22:41 Stone Shaft Mining
24:21 Gold Mining
26:05 Fletching
27:40 Wheelbarrow
28:10 Gold Shaft Mining
28:07 Bodkin Arrow
28:12 Padded Archer Armor
29:08 Fortified Wall
32:57 Imperial Age
30:46 Hand Cart
31:10 Thumb Ring
31:16 Bloodlines
31:07 Husbandry
31:33 Forging
31:39 Leather Archer Armor
32:46 Nomads
32:57 Caravan
33:31 Coinage
33:20 Elite Mangudai
34:23 Conscription
34:18 Bracer
34:31 Crossbowman
35:39 Parthian Tactics
34:35 Light Cavalry
37:06 Chemistry
36:32 Ballistics
35:51 Hussar
37:09 Iron Casting
36:39 Scale Barding Armor
39:07 Drill
39:08 Capped Ram
40:08 Siege Ram
40:09 Onager
44:06 Blast Furnace
43:26 Chain Barding Armor
44:05 Siege Onager
47:29 Hoardings
71:32 Scale Mail Armor
72:06 Banking
Connection lost

Rejoining the realm…

Still unreachable

The connection could not be restored.

Session expired

The server has moved on; the page needs a fresh start.